 Seeded DCSS version 0.30-a0-242-g7bf8e6d787 (webtiles) character file.

Game seed: 13102143588985963117 (custom seed)

217 Hubris850 the Shooter (level 5, -8/29 (31) HPs)
             Began as a Deep Elf Hunter on Oct 11, 2022.
             Mangled by a wight
             ... wielding a +2 morningstar of freezing
              (11 damage)
             ... on level 3 of the Dungeon.
             The game lasted 00:06:48 (2027 turns).

Hubris850 the Shooter (Deep Elf Hunter)             Turns: 2027, Time: 00:06:49

HP:   -8/29 (31)    AC:  3    Str: 14    XL:     5   Next: 61%
MP:   7/7           EV: 13    Int: 16    God:
Gold: 182           SH:  0    Dex: 18    Spells: 4/4 levels left

rFire   . . .      SeeInvis .    a - +0 shortbow
rCold   . . .      Faith    .    (shield currently unavailable)
rNeg    . . .      Spirit   .    c - +0 leather armour
rPois   .          Reflect  .    (no helmet)
rElec   .          Harm     .    (no cloak)
rCorr   .          Rampage  .    (no gloves)
Will    +....                    (no boots)
Stlth   +++.......               (no amulet)
HPRegen 0.24/turn                e - +6 ring of strength
MPRegen 0.10/turn                k - ring of willpower

@: drained
A: no striking features
a: no special abilities


You were on level 3 of the Dungeon.
You visited 1 branch of the dungeon, and saw 3 of its levels.

You collected 182 gold pieces.

Inventory:

Hand Weapons
 a - a +0 shortbow (weapon)
 m - a +2 vampiric dagger
 n - a +0 scimitar
Armour
 c - a +0 leather armour (worn)
 i - a +0 buckler
Jewellery
 e - a +6 ring of strength (left hand)
 k - a ring of willpower (right hand)
Scrolls
 b - 2 scrolls of immolation
 d - a scroll of vulnerability
 h - a scroll of identify
 j - a scroll of teleportation
Potions
 f - a potion of curing
 g - a potion of ambrosia {unknown}
 l - 2 potions of flight {unknown}
 o - a potion of lignification {unknown}


   Skills:
 + Level 2.7 Fighting
 + Level 6.5 Ranged Weapons
 + Level 4.0 Dodging
 + Level 3.8 Stealth


You had 4 spell levels left.
You didn't know any spells.
Your spell library was empty.

Dungeon Overview and Level Annotations

Branches:
Dungeon (3/15)

Altars:

Shops:
D:1 *


Message History

The wight hits you with a +0 war axe!
You shoot an arrow. The arrow hits the wight.
The wight is almost destroyed.
The wight misses you.
You shoot an arrow. The arrow hits the wight.
You destroy the wight!
Your Dodging skill increases to level 4!
You shoot an arrow. The arrow hits the wight.
The wight is lightly damaged.
You shoot an arrow.
The arrow hits the wight but does no damage.
The wight is lightly damaged.
The wight barely misses you.
You shoot an arrow. The arrow hits the wight!
The wight is heavily damaged.
The wight barely misses you.
You shoot an arrow. The arrow hits the wight.
The wight is severely damaged.
The wight barely misses you.
You shoot an arrow.
The arrow hits the wight but does no damage.
The wight is severely damaged.
The wight hits you with a +0 long sword.
You feel drained.
The wight hits you with a +2 morningstar of freezing.
* * * LOW HITPOINT WARNING * * *
You feel drained.
* * * LOW HITPOINT WARNING * * *
The wight freezes you.
* * * LOW HITPOINT WARNING * * *
Unknown command.
Fire: a) +0 shortbow
Press: ? - help, Q - select action Shift-Dir - straight line, f/p - wight
Aim: a wight, wielding a +2 morningstar of freezing and wearing a +0 robe (severely damaged, 65% to hit)
You shoot an arrow.
The arrow hits the wight but does no damage.
The wight is severely damaged.
The wight barely misses you.
The wight hits you with a +2 morningstar of freezing!
You die...

#......<#.##.#### #####
#............# #...#
#####.###))...# #...#
#...#...'.....# #...#
#...#####[...##
#...###...###.).÷###
#.............)(.#
#......zz.....)..####..
#......@z..÷[.<÷.......
#####################..


You could see 3 wights.

Vanquished Creatures
  2 wights
  An orc wizard (D:3)
  4 dart slugs
  7 orcs (D:3)
  3 ball pythons
  9 bats
  8 endoplasms
  4 giant cockroaches
  6 hobgoblins (D:2)
  5 kobolds
  2 quokkas
  5 frilled lizards
  11 goblins
  6 rats
73 creatures vanquished.

Notes
Turn   | Place    | Note
-------+----------+-------------------------------------------
     0 | D:1      | Hubris850 the Deep Elf Hunter began the quest for the Orb.
     0 | D:1      | Reached XP level 1. HP: 12/12 MP: 3/3
     2 | D:1      | Noticed a ghoul
     4 | D:1      | Noticed a formicid
     6 | D:1      | Noticed a merfolk
     6 | D:1      | Noticed an octopode
     8 | D:1      | Noticed an armataur
     8 | D:1      | Noticed a demigod
    10 | D:1      | Noticed a draconian
    12 | D:1      | Noticed a gargoyle
    12 | D:1      | Noticed a naga
    14 | D:1      | Noticed a tengu
    14 | D:1      | Noticed a felid
    16 | D:1      | Noticed a troll
    16 | D:1      | Noticed a spriggan
    18 | D:1      | Noticed a meteoran
    18 | D:1      | Noticed a minotaur
    20 | D:1      | Noticed an ogre
    20 | D:1      | Noticed a vine stalker
    22 | D:1      | Noticed a human
    22 | D:1      | Noticed a demonspawn
    24 | D:1      | Noticed an elf
    24 | D:1      | Noticed an ogre
    26 | D:1      | Noticed a formicid
    26 | D:1      | Noticed an elf
    75 | D:1      | Reached XP level 2. HP: 17/17 MP: 4/4
   271 | D:1      | You fall into a shaft and drop 1 floor!
   371 | D:2      | Reached XP level 3. HP: 21/21 MP: 5/5
   427 | D:2      | Found a faded altar of an unknown god.
   634 | D:1      | Found Haorhuyl's General Store.
  1400 | D:2      | Reached XP level 4. HP: 26/26 MP: 6/6
  1667 | D:3      | Reached skill level 6 in Ranged Weapons
  1782 | D:2      | Reached XP level 5. HP: 20/31 MP: 7/7
  2027 | D:3      | Mangled by a wight

Illustrated notes

Levels and vault maps discovered:
D:1:      kb_arrival_jail, layout_basic, serial_shops, shop, st_stairs_2,
          hex_intersection, dreamdust_princess_bridge, minmay_box_of_dots
D:2:      cheibrodos_greedy_goblins, layout_basic,
          dreamdust_ecumenical_altar_grove
D:3:      layout_basic, nicolae_overflow_hallway_of_the_gods, uniq_ijyb

Skill      XL: |  1  2  3  4  5 |
---------------+----------------+-----
Stealth        | 2 3 |  3.8
Fighting       | 2 |  2.7
Dodging        | 3 4 |  4.0
Ranged Weapons | 6 |  6.5

Action                   |  1- 3 |  4- 6 || total
-------------------------+-------+-------++-------
 Fire: Shortbow          |   127 |    60 ||   187
  Use: Scroll            |     4 |       ||     4
Armor: Leather armour    |    19 |       ||    19
Dodge: Dodged            |    29 |    15 ||    44

Table legend: (Time is in decaauts)
 A = Elapsed time spent in this place.
 B = Non-inter-level travel time spent in this place.
 C = Inter-level travel time spent in this place.
 D = Time resting spent in this place.
 E = Time spent auto-exploring this place.
 F = Levels seen in this place.
 G = Mean time per level.
                   A        B        C        D        E       F      G
               +--------+--------+--------+--------+--------+-----+--------+
         Total |   2075 |   1898 |    177 |    219 |   1152 |   3 |  691.7 |
       Dungeon |   2075 |   1898 |    177 |    219 |   1152 |   3 |  691.7 |
               +--------+--------+--------+--------+--------+-----+--------+

Top non-repeatable levels by time:
     D:2: 1054 daAuts
     D:1: 783 daAuts
     D:3: 237 daAuts
